 Dungeon Crawl Stone Soup version 0.22.1 (webtiles) character file.

59 PaladinM the Slasher (level 4, 0/33 HPs)
             Began as a Human Warper on Sept 17, 2018.
             Slain by a rat (3 damage)
             ... on level 2 of the Dungeon.
             The game lasted 00:02:47 (1549 turns).

PaladinM the Slasher (Human Warper)                 Turns: 1549, Time: 00:02:48

Health: 0/33       AC:  3    Str: 11    XL:     4   Next: 22%
Magic:  5/7        EV: 12    Int: 13    God:
Gold:   97         SH:  0    Dex: 14    Spells: 3/7 levels left

rFire    . . .     SeeInvis .   a - +0 falchion
rCold    . . .     Gourm    .   (no shield)
rNeg     . . .     Faith    .   b - +0 leather armour
rPois    .         Spirit   .   (no helmet)
rElec    .         Reflect  .   (no cloak)
rCorr    .         Harm     .   (no gloves)
MR       .....                  (no boots)
Stlth    +.........             (no amulet)
HPRegen  0.11/turn              (no ring)
MPRegen  0.10/turn              (no ring)

@: slowed, very slow
A: no striking features
a: no special abilities


You were on level 2 of the Dungeon.
You were very hungry.

You visited 1 branch of the dungeon, and saw 2 of its levels.

You collected 97 gold pieces.

Inventory:

Hand Weapons
 a - a +0 falchion (weapon)
Missiles
 e - 5 tomahawks of dispersal (quivered)
Armour
 b - a +0 leather armour (worn)
Jewellery
 l - an uncursed ring of teleportation
Scrolls
 d - a scroll of blinking
 g - 2 scrolls of teleportation {unknown}
 m - a scroll of fog {unknown}
Potions
 c - a potion of haste {unknown}
 h - a potion of heal wounds {unknown}
 i - a potion of magic {unknown}
 j - a potion of lignification {unknown}
 k - a potion of flight {unknown}
 n - a potion of invisibility {unknown}
 o - a potion of curing {unknown}
Comestibles
 f - 3 rations


   Skills:
 - Level 2.0 Fighting
 + Level 4.2 Long Blades
 - Level 1.0 Throwing
 - Level 1.0 Armour
 - Level 2.0 Dodging
 - Level 2.0 Spellcasting
 - Level 3.0 Translocations


You had 3 spell levels left.
You knew the following spells:

 Your Spells              Type           Power        Failure   Level  Hunger
a - Shroud of Golubria    Chrm/Tloc      #.........   26%         2    ###....
b - Blink                 Tloc           N/A          14%         2    ###....

Your spell library contained the following spells:

 Spells                   Type           Power        Failure   Level  Hunger
 Gell's Gravitas          Tloc           #.........   28%         3    ####...
 Lesser Beckoning         Tloc           #.........   28%         3    ####...
 Teleport Other           Tloc           #.......     28%         3    ####...
 Passage of Golubria      Tloc           N/A          67%         4    #####..


Dungeon Overview and Level Annotations

Branches:
Dungeon (2/15)

Altars:


Message History

Natasha is severely wounded.
Natasha casts a spell at you. The magic dart hits you! Natasha claws you!
* * * LOW HITPOINT WARNING * * *
Your shroud falls apart!
You barely miss Natasha.
Natasha is severely wounded.
Natasha closely misses you.
You hit Natasha.
You kill Natasha!
Natasha growls in agony!
Your Long Blades skill increases to level 4!
You have reached level 4!
You feel agile. The rat closely misses you. The rat closely misses you.
You closely miss the rat. The rat bites you.
* * * LOW HITPOINT WARNING * * *
The rat bites you.
You die...

#.# ##########.## # #.#
#.# # ####.#### #.# #
#.......# ##'#######
#.##.##.# ##....#.#.. #
#.##.# ##....#.#.#.
#.##.## ##......#.#..
##.##.#...####......#...#.
......†.r@...+.......#.#.†
##.##.#...####......#.#.#.
#.##.## ##........#.. .
..# ##.....##### # ##.#
##...## #.# ##'## #.# #.#
#.# #.# ##.#######


You could see a rat.

Vanquished Creatures
  Natasha (D:2)
  2 dart slugs (D:1)
  2 leopard geckos (D:1)
  2 giant cockroaches (D:1)
  5 goblins (D:1)
  4 hobgoblins (D:1)
  2 kobolds (D:1)
  6 bats
  A frilled lizard (D:1)
  2 rats
27 creatures vanquished.

Notes
Turn   | Place    | Note
-------+----------+-------------------------------------------
     0 | D:1      | PaladinM the Human Warper began the quest for the Orb.
     0 | D:1      | Reached XP level 1. HP: 16/16 MP: 3/3
   152 | D:1      | Reached XP level 2. HP: 13/22 MP: 5/5
   163 | D:1      | Learned a level 2 spell: Shroud of Golubria
   166 | D:1      | Learned a level 2 spell: Blink
   345 | D:1      | Reached skill level 3 in Long Blades
   640 | D:1      | Reached XP level 3. HP: 27/27 MP: 6/6
  1537 | D:2      | Noticed Natasha
  1546 | D:2      | Killed Natasha
  1546 | D:2      | Reached skill level 4 in Long Blades
  1546 | D:2      | Reached XP level 4. HP: 4/33 MP: 5/7
  1549 | D:2      | Slain by a rat

Skill      XL: |  1  2  3 |
---------------+----------+-----
Long Blades    | 3 4 |  4.2
Fighting       | |  2.0
Throwing       | |  1.0
Armour         | |  1.0
Dodging        | |  2.0
Spellcasting   | |  2.0
Translocations | |  3.0

Action                   |  1- 3 |  4- 6 || total
-------------------------+-------+-------++-------
Melee: Falchion          |    87 |     1 ||    88
 Cast: Shroud of Golubri |     1 |       ||     1
  Use: Scroll            |     2 |       ||     2
 Stab: Sleeping          |     1 |       ||     1
  Eat: Chunk             |     1 |       ||     1
Armor: Leather armour    |    25 |       ||    25
Dodge: Dodged            |    79 |     2 ||    81
       Rpst.: Falchion   |    28 |       ||    28
